Map: Yellowjacket

Players

Stoic - Winner!

  • Race: Protoss Protoss
  • League: Gold
  • Spawn Location: 7:00

Prismacore - Winner!

  • Race: Protoss Protoss
  • Spawn Location: 9:00

Darjiro

  • Race: Protoss Protoss
  • Spawn Location: 3:00

calvo

  • Race: Zerg Zerg
  • Spawn Location: 1:00

VOD

Have the link to the VOD?

Description

Time

  • Played on: Aug. 9, 2025, 11:13 a.m.
  • Length: 15:34
Show
View Real Time Build Order
Export as new Build Order

Stoic Protoss - Winner!

Build Orders: Carriers 

Get SALT Encoding   

  12  0:00  Probe  
  14  0:14  Probe  
  14  0:27  Pylon  
  14  0:28  Probe  
  15  0:45  Probe  
  15  0:47  Gateway  
  16  1:26  Probe  
  17  1:37  Cybernetics Core  
  17  1:39  Probe  
  18  1:46  Nexus  
  18  1:50  Assimilator  
  18  1:51  Probe  
  19  1:56  Pylon  
  19  2:03  Probe  
  20  2:15  Probe  
  20  2:27  Probe  
  20  2:28  Adept  
  21  2:32  Assimilator  
  21  2:38  Warp Gate  
  23  2:54  Probe  
  27  3:05  Adept  
  24  3:06  Probe  
  27  3:19  Probe  
  28  3:23  Probe  
  29  3:30  Adept  
  29  3:31  Probe  
  30  3:35  Probe  
  33  3:43  Probe  
  33  3:48  Probe  
  35  4:07  Stargate  
  35  4:11  Pylon  
  35  4:20  Probe x2  
  37  4:32  Probe x2  
  39  4:44  Pylon  
  39  4:46  Pylon  
  39  4:48  Pylon  
  39  4:52  Probe x2  
  41  4:58  Assimilator  
  41  5:01  Assimilator  
  41  5:04  Probe x2  
  47  5:09  Void Ray  
  47  5:18  Probe x2  
  47  5:21  Fleet Beacon  
  49  5:30  Probe x2  
  51  5:42  Probe x2  
  53  5:45  Void Ray  
  57  5:54  Probe x2  
  59  6:02  Forge  
  59  6:06  Probe x2  
  59  6:08  Pylon  
  59  6:10  Pylon  
  61  6:18  Probe  
  61  6:19  Probe  
  63  6:28  Stargate  
  63  6:30  Stargate, Probe  
  63  6:31  Probe  
  65  6:41  Carrier  
  65  6:43  Probe  
  72  7:01  Photon Cannon  
  72  7:03  Photon Cannon  
  72  7:18  Pylon  
  72  7:24  Carrier x2  
  84  7:38  Protoss Air Weapons Level 1  
  84  7:45  Carrier  
  90  8:28  Carrier x2  
  102  8:39  Nexus  
  102  8:42  Pylon  
  102  8:44  Pylon  
  102  8:46  Pylon  
  102  9:00  Probe  
  101  9:23  Shield Battery  
  101  9:25  Shield Battery  
  101  9:29  Shield Battery  
  101  9:31  Shield Battery  
  101  9:40  Shield Battery  
  101  9:43  Shield Battery  
  101  9:45  Probe x2  
  103  9:46  Shield Battery  
  103  9:48  Shield Battery  
  103  9:50  Shield Battery  
  103  9:52  Shield Battery  
  103  9:55  Photon Cannon  
  103  9:57  Photon Cannon, Probe x2  
  105  10:00  Photon Cannon  
  105  10:04  Photon Cannon x2, Carrier  
  105  10:05  Photon Cannon, Carrier x2  
  105  10:06  Photon Cannon x2  
  123  10:09  Photon Cannon x2, Probe x2  
  125  10:21  Probe x2  
  125  10:26  Robotics Facility  
  127  10:33  Probe  
  127  10:34  Probe  
  129  10:43  Pylon  
  129  10:46  Pylon  
  129  10:47  Protoss Air Armor Level 1  
  129  10:50  Assimilator  
  129  10:52  Assimilator  
  129  11:08  Cybernetics Core  
  129  11:09  Carrier x3  
  147  11:12  Pylon  
  147  11:13  Pylon  
  147  12:13  Carrier x3  
  165  12:51  Nexus  
  165  12:53  Pylon  
  165  12:56  Pylon  
  165  13:23  Nexus  
  165  13:24  Pylon  
  165  13:27  Pylon  
  165  13:28  Pylon, Carrier x2  
  165  13:29  Pylon, Carrier  
  183  13:47  Pylon  
  195  15:18  Nexus  
  195  15:20  Pylon  
  195  15:21  Pylon  
  195  15:23  Pylon  
Show
View Real Time Build Order
Export as new Build Order

Prismacore Protoss - Winner!

Build Orders: 1 Gate Expand 

Get SALT Encoding   

  12  0:00  Probe  
  13  0:19  Probe  
  14  0:27  Pylon  
  14  0:31  Probe  
  15  0:45  Probe  
  16  0:52  Gateway  
  16  0:57  Probe  
  17  1:22  Nexus  
  17  1:40  Probe  
  17  1:46  Assimilator  
  18  1:52  Probe  
  19  2:01  Cybernetics Core  
  19  2:04  Probe  
  20  2:15  Assimilator  
  20  2:16  Probe  
  21  2:28  Probe  
  22  2:30  Pylon  
  22  2:43  Probe x2  
  24  2:50  Stalker  
  24  2:51  Pylon  
  24  2:55  Pylon, Probe  
  24  2:56  Probe  
  28  2:58  Pylon  
  28  3:08  Probe  
  28  3:17  Stalker, Probe  
  28  3:19  Probe  
  31  3:27  Probe  
  31  3:29  Probe  
  33  3:35  Probe  
  34  3:44  Stalker, Probe  
  34  3:46  Probe  
  38  3:54  Pylon  
  38  3:56  Probe  
  38  3:58  Probe  
  40  4:11  Stalker  
  42  4:20  Robotics Facility  
  42  4:25  Gateway  
  42  4:26  Gateway  
  42  4:28  Gateway  
  42  4:38  Stalker  
  42  4:40  Warp Gate  
  45  4:45  Probe  
  45  4:57  Probe  
  46  5:05  Stalker  
  46  5:06  Pylon  
  46  5:09  Pylon, Probe  
  46  5:11  Pylon  
  49  5:17  Pylon  
  49  5:22  Probe  
  50  5:30  Probe  
  50  5:34  Probe  
  52  5:43  Probe  
  52  5:44  Observer  
  52  5:46  Probe  
  55  5:51  Pylon  
  55  5:55  Stalker, Probe  
  56  6:01  Stalker  
  56  6:02  Immortal  
  64  6:39  Twilight Council  
  64  6:42  Immortal  
  68  6:52  Assimilator  
  68  6:55  Assimilator  
  68  7:12  Charge  
  68  7:29  Zealot x2  
  72  7:30  Zealot x2, Gateway  
  72  7:33  Gateway  
  72  7:34  Gateway x2  
  72  7:36  Warp Prism, Gateway  
  78  7:41  Gateway  
  78  8:05  Templar Archives  
  78  8:12  Nexus  
  78  8:47  Pylon  
  78  8:49  Pylon  
  78  8:52  Pylon  
  78  8:59  Pylon  
  78  9:01  Pylon  
  78  9:03  Pylon  
  78  9:04  Zealot x5  
  78  9:05  Zealot  
  78  9:07  High Templar x3  
  78  9:08  Pylon, High Templar  
  98  9:11  Pylon  
  98  9:13  Pylon  
  98  9:23  Probe  
  99  9:31  Probe  
  100  9:40  Probe  
  101  9:51  Assimilator  
  101  9:52  Probe  
  102  9:54  Assimilator  
  102  9:55  Archon x2  
  102  10:01  Zealot  
  102  10:02  Zealot x3  
  102  10:03  Zealot x3  
  102  10:04  Zealot, Probe  
  102  10:05  Zealot x2  
  108  10:31  Probe  
  109  10:39  Probe  
  109  10:43  High Templar x3  
  109  10:44  High Templar x5  
  109  10:45  High Templar  
  109  10:46  High Templar  
  109  10:49  Probe  
  130  10:53  Archon x3  
  130  10:56  Archon  
  131  10:58  Archon  
  131  11:01  Probe  
  132  11:13  Probe  
  133  11:22  Zealot  
  133  11:23  Zealot x5  
  133  11:24  Zealot x4  
  133  11:25  Probe  
  154  11:37  Probe  
  155  11:49  Probe  
  156  12:01  Probe  
  156  12:04  High Templar  
  156  12:05  High Templar x4  
  156  12:06  High Templar x3  
  173  12:08  Zealot  
  173  12:09  Zealot  
  173  12:13  Archon  
  173  12:14  Archon x3  
  142  13:55  High Templar x3  
  146  13:56  High Templar x5  
  146  14:02  Archon x3  
  158  14:03  Archon  
Show
View Real Time Build Order
Export as new Build Order

Darjiro Protoss 

Build Orders: Zealot Archon 

Get SALT Encoding   

  12  0:03  Probe  
  13  0:16  Probe  
  14  0:28  Probe  
  15  0:37  Pylon  
  15  0:47  Assimilator  
  15  0:55  Probe  
  16  1:08  Probe  
  16  1:10  Pylon  
  17  1:13  Gateway  
  17  1:20  Probe  
  18  1:29  Assimilator  
  18  1:32  Probe  
  19  1:44  Probe  
  20  1:51  Pylon  
  20  1:56  Probe  
  21  2:07  Cybernetics Core, Zealot  
  21  2:08  Probe  
  24  2:20  Probe  
  25  2:24  Nexus  
  25  2:36  Warp Gate  
  25  2:43  Pylon  
  25  2:49  Twilight Council  
  25  2:52  Pylon  
  25  3:05  Sentry  
  27  3:25  Stalker  
  27  3:26  Gateway  
  29  3:36  Probe  
  29  3:38  Probe  
  32  3:48  Probe  
  32  3:50  Probe  
  33  4:00  Probe  
  34  4:12  Probe  
  34  4:15  Probe  
  36  4:23  Probe  
  36  4:24  Probe  
  36  4:30  Assimilator  
  36  4:31  Probe  
  38  4:33  Assimilator  
  38  4:36  Probe  
  40  4:43  Gateway, Probe  
  41  4:45  Gateway  
  41  4:48  Gateway  
  41  4:49  Probe  
  42  4:53  Pylon  
  42  4:55  Probe  
  42  4:57  Templar Archives  
  43  5:12  Pylon, Probe  
  44  5:25  Pylon, Probe  
  44  5:26  Stalker  
  44  5:27  Stalker  
  49  5:34  Probe  
  49  5:42  Probe  
  51  5:51  Probe  
  52  6:02  Stalker x3  
  52  6:03  Stalker x2, Probe  
  63  6:14  Dark Shrine  
  63  6:16  Gateway  
  63  6:18  Gateway  
  63  6:20  Gateway  
  63  6:28  Stalker x2  
  63  6:29  Stalker x3  
  73  6:43  Blink  
  73  6:47  Psionic Storm  
  73  7:29  Dark Templar  
  75  7:30  Dark Templar x2  
  75  7:31  Dark Templar  
  75  7:32  High Templar  
  83  7:37  Nexus  
  83  7:45  Assimilator  
  83  7:49  Assimilator  
  83  7:50  Archon  
  83  8:23  Dark Templar  
  85  8:31  Dark Templar  
  87  8:42  Shadow Stride  
  87  8:44  Charge  
  87  8:51  Probe  
  88  9:03  Probe  
  89  9:15  Probe  
  90  9:27  Probe  
  90  9:28  Pylon  
  91  9:34  Pylon  
  91  9:37  Stalker x2  
  91  9:38  Stalker  
  97  9:39  Pylon  
  97  9:42  Pylon  
  91  10:30  Stalker  
  91  10:31  Stalker  
  91  10:32  Stalker  
  91  10:33  Zealot  
  91  10:34  Zealot  
  91  10:35  High Templar x2  
  101  10:36  Zealot  
  105  11:05  Probe  
  106  11:17  Robotics Facility  
  106  11:18  Robotics Facility  
  106  11:22  Stargate  
  106  11:23  Stargate  
  106  11:37  Gateway  
  106  11:38  Gateway  
  106  11:41  Gateway  
  106  11:59  Stalker  
  106  12:00  Stalker x5  
  106  12:01  Stalker  
  120  12:02  Stalker  
  122  12:15  Pylon  
  122  12:21  Forge  
  122  12:29  Shield Battery  
  96  12:41  Adept  
  96  12:42  Stalker  
  96  12:43  Stalker x5  
  96  12:44  Stalker x4  
  62  13:03  Stalker  
  29  13:22  Stalker x3  
  29  13:23  Stalker x4  
  29  13:24  Stalker x2  
  29  13:25  Stalker  
  12  14:35  Dark Templar  
Show
View Real Time Build Order
Export as new Build Order

calvo Zerg 

Build Orders: Pool First 

Get SALT Encoding   

  12  0:09  Drone x2  
  14  0:18  Overlord  
  14  0:43  Spawning Pool  
  14  0:45  Overlord  
  13  0:54  Extractor  
  13  0:57  Drone x2  
  14  1:14  Drone x2  
  16  1:33  Zergling x4  
  16  1:37  Queen  
  20  1:59  Spine Crawler  
  19  2:48  Evolution Chamber  
  19  2:50  Queen  
  20  2:53  Zergling x4  
  20  2:54  Zergling x2  
  23  3:09  Roach Warren  
  23  3:10  Drone  
  21  3:44  Drone x4  
  25  4:00  Spine Crawler  
  24  4:12  Hatchery  
  23  4:30  Roach x3  
  29  4:32  Overlord x3  
  29  4:40  Lair  
  29  4:46  Extractor  
  29  4:51  Drone x3  
  31  5:04  Metabolic Boost  
  31  5:11  Ravager  
  31  5:13  Ravager  
  33  5:16  Ravager  
  34  5:36  Drone x2  
  36  6:18  Hydralisk Den  
  35  6:19  Drone x2  
  35  6:24  Drone  
  35  6:25  Drone x2  
  40  6:38  Spore Crawler  
  39  6:41  Drone  
  40  8:03  Spore Crawler  
  39  8:08  Spore Crawler  
  39  8:10  Hydralisk  
  39  8:11  Hydralisk x5  
  50  8:25  Nydus Network  
  49  8:46  Lurker Den  
  48  8:50  Spore Crawler  
  47  9:19  Drone x2  
  49  9:40  Drone x2  
  49  9:41  Drone  
  52  10:01  Hydralisk x4  
  52  10:03  Overlord x2  
  60  10:35  Hydralisk x4  
  60  10:36  Hydralisk x2  
  72  11:05  Infestation Pit  
  71  11:13  Spine Crawler  
  70  11:25  Overseer  
  70  11:38  Hydralisk x3  
  1  14:04  Hatchery  
Tags
 
Add a new tag
Caveats
  • Supply blocks, unpowered buildings, or Contaminate may cause inaccurate times.
  • Supply counts are checked every 10 seconds.